 Dungeon Crawl Stone Soup version 0.27.1-35-g4d5d836560 (webtiles) character file.

Game seed: 7980513482625290230

347 Delamore the Sneak (level 6, 0/39 HPs)
             Began as an Octopode Brigand on May 7, 2022.
             Slain by Grinder (7 damage)
             ... while paralysed by Grinder
             ... on level 5 of the Dungeon.
             The game lasted 00:03:26 (3525 turns).

Delamore the Sneak (Octopode Brigand)               Turns: 3525, Time: 00:03:26

Health: 0/39       AC:  5    Str: 10    XL:     6   Next: 59%
Magic:  6/6        EV:  2    Int: 13    God:
Gold:   124        SH:  0    Dex: 16    Spells: 5/5 levels left

rFire    . . .     SeeInvis .   a - +2 dagger
rCold    . . .     Faith    .   (no shield)
rNeg     . . .     Spirit   .   (helmet restricted)
rPois    .         Reflect  .   p - amulet of the acrobat
rElec    .         Harm     .   m - +4 ring of protection
rCorr    .         Rampage  .   (no ring)
Will     .....                  (no ring)
Stlth    +++++.....             (no ring)
HPRegen  0.13/turn              (no ring)
MPRegen  0.10/turn              (no ring)
                                (no ring)
                                (no ring)

@: paralysed
A: almost no armour, amphibious, 8 rings, camouflage 1, gelatinous body 1,
(nimble swimmer 1), tentacles
a: no special abilities


You were on level 5 of the Dungeon.
You visited 1 branch of the dungeon, and saw 5 of its levels.

You collected 124 gold pieces.

Inventory:

Hand Weapons
 a - a +2 dagger (weapon)
 n - a +0 hand axe of freezing
Missiles
 b - 7 poisoned darts
 c - 2 curare-tipped darts
 h - 71 stones
 o - 5 javelins
 r - 5 boomerangs (quivered)
Jewellery
 m - a +4 ring of protection (left tentacle)
 p - an amulet of the acrobat (around mantle)
Scrolls
 d - a scroll of summoning
 f - a scroll of blinking
 g - a scroll of noise
 j - a scroll of fog
 l - a scroll of teleportation
Potions
 e - 2 potions of heal wounds {unknown}
 i - 4 potions of haste
 k - 3 potions of curing {unknown}


   Skills:
 - Level 2.0 Fighting
 * Level 5.6 Short Blades
 + Level 2.8 Throwing
 - Level 1.0 Dodging
 - Level 6.9 Stealth


You had 5 spell levels left.
You didn't know any spells.
Your spell library contained the following spells:

 Spells                   Type           Power      Damage    Failure   Level
 Sublimation of Blood     Necr           0%         N/A       43%         2
 Wereblood                Tmut           0%         N/A       43%         2
 Call Canine Familiar     Summ           0%         N/A       67%         3
 Portal Projectile        Hex/Tloc       0%         N/A       67%         3
 Leda's Liquefaction      Hex/Erth       0%         N/A       97%         4
 Bolt of Magma            Conj/Fire/Erth 0%         4d4       100%        5
 Statue Form              Tmut/Erth      0%         N/A       100%        6
 Summon Hydra             Summ           0%         N/A       100%        7


Dungeon Overview and Level Annotations

Branches:
Dungeon (5/15)
 Temple: D:4-7

Altars:
Dithmenos

Annotations:
D:5 Grinder


Innate Abilities, Weirdness & Mutations

You cannot wear most types of armour.
You are amphibious.
You can wear up to eight rings at the same time.
Your skin changes colour to match your surroundings (Stealth+).
Your rubbery body absorbs attacks. (AC +1, EV +1)
((You are camouflaged near water. (Stealth+)))
You have tentacles for arms and can constrict up to eight enemies at once.


Message History

Grinder is moderately wounded.
You constrict Grinder. You hit Grinder.
Grinder is moderately wounded.
You constrict Grinder.
Grinder struggles to blink free from constriction.
You hit Grinder.
Grinder is heavily wounded.
You constrict Grinder. Grinder hits you but does no damage.
You barely miss Grinder.
Grinder is heavily wounded.
You constrict Grinder.
Grinder blinks free!
You see here a +0 club.
You throw a boomerang. The boomerang barely misses Grinder.
You throw a boomerang. The boomerang barely misses Grinder.
You throw a boomerang. The boomerang hits Grinder.
Grinder is heavily wounded.
You hit Grinder. You grab Grinder.
Grinder is severely wounded.
You constrict Grinder, but do no damage.
Grinder hits you.
You writhe in agony.
You barely miss Grinder.
Grinder is severely wounded.
You constrict Grinder, but do no damage.
You hit Grinder.
Grinder is severely wounded.
You constrict Grinder. Grinder hits you.
You writhe in agony.
You hit Grinder but do no damage.
Grinder is severely wounded.
You constrict Grinder. Grinder hits you!
You writhe in agony.
You are too injured to fight recklessly!
You hit Grinder. You squeeze Grinder, but do no damage.
Grinder is almost dead.
You constrict Grinder. Grinder gestures at you.
You suddenly lose the ability to move!
You lose your grip on Grinder.
Grinder hits you.
You writhe in agony.
* * * LOW HITPOINT WARNING * * *
Grinder hits you!
You die...

#######
#...).#
#.###@#
#<# #5#
### #.#
#.# #.#
... ##.
.


You could see Grinder.

Vanquished Creatures
  A black bear (D:4)
  A howler monkey (D:3)
  A centaur zombie (D:3)
  An orc priest (D:5)
  7 adders
  2 worms
  A dart slug (D:3)
  9 orcs
  6 endoplasms
  3 giant cockroaches
  7 goblins
  7 hobgoblins
  4 quokkas
  9 ball pythons
  8 bats
  A frilled lizard (D:2)
  A jackal skeleton (D:4)
  4 kobolds
  7 rats
80 creatures vanquished.

Notes
Turn   | Place    | Note
-------+----------+-------------------------------------------
     0 | D:1      | Delamore the Octopode Brigand began the quest for the Orb.
     0 | D:1      | Reached XP level 1. HP: 14/14 MP: 1/1
   111 | D:1      | Reached XP level 2. HP: 19/19 MP: 2/2
   733 | D:1      | Reached XP level 3. HP: 24/24 MP: 3/3
   842 | D:1      | Found a faded altar of an unknown god.
  1215 | D:2      | Reached skill level 6 in Stealth
  1256 | D:2      | Reached XP level 4. HP: 21/29 MP: 4/4
  2111 | D:3      | Reached XP level 5. HP: 31/34 MP: 5/5
  2362 | D:3      | Reached skill level 5 in Short Blades
  2715 | D:4      | Found a shadowy altar of Dithmenos.
  2887 | D:4      | Noticed a black bear
  2897 | D:4      | Killed a black bear
  2898 | D:4      | Reached XP level 6. HP: 27/39 MP: 6/6
  3496 | D:5      | Entered Level 5 of the Dungeon
  3498 | D:5      | Noticed Grinder
  3523 | D:5      | Paralysed by Grinder for 6 turns
  3525 | D:5      | Slain by Grinder

Illustrated notes

Levels and vault maps discovered:
D:1:      co_arrival_square_in_a_square_in_a_square, layout_loops_ring,
          chequers_ecumenical_altar_grove, minmay_misc_feat_doors
D:2:      layout_loops_ring, kennysheep_crisscross
D:3:      layout_loops_ring, amcnicky_mini_corridor_feature,
          small_statue_intersection, chequers_serial_rivers_room_a
D:4:      layout_loops_ring, nicolae_dithmenos_shadow_blocks
D:5:      layout_basic, minmay_temple_entry_poolview,
          chequers_serial_rivers_small_b, uniq_eustachio, uniq_grinder

Skill      XL: |  1  2  3  4  5 |
---------------+----------------+-----
Short Blades   | 3 4 5 |  5.6
Stealth        | 6 |  6.9
Fighting       | |  2.0
Throwing       | |  2.8
Dodging        | |  1.0

Action                   |  1- 3 |  4- 6 || total
-------------------------+-------+-------++-------
Melee: Dagger            |    76 |    86 ||   162
       Tentacles         |    11 |    17 ||    28
       Constrict         |    13 |    15 ||    28
Throw: Dart              |       |     3 ||     3
       Stone             |       |    22 ||    22
       Boomerang         |       |     3 ||     3
  Use: Scroll            |     2 |     4 ||     6
 Stab: Sleeping          |    10 |    14 ||    24
       Distracted        |       |     1 ||     1
Armor: Skin              |     7 |    10 ||    17
Dodge: Dodged            |    40 |    31 ||    71
